 Dungeon Crawl Stone Soup version 0.31-a0-365-gcf821cafb2 (webtiles) character file.

Game seed: 11591475584292800931

2769 LeprechaunX the Changeling (level 9, -4/56 HPs)
             Began as an Octopode Shapeshifter on July 28, 2023.
             Was a Follower of Hepliaklqana.
             Slain by a manticore (12 damage)
             ... on level 6 of the Dungeon.
             The game lasted 00:08:10 (4879 turns).

LeprechaunX the Changeling (Octopode Shapeshifter)  Turns: 4879, Time: 00:08:11

Health: -4/56      AC:  9    Str: 21    XL:     9   Next: 69%
Magic:  9/9        EV: 10    Int: 10    God:    Hepliaklqana [*.....]
Gold:   296        SH:  0    Dex: 21    Spells: 8/8 levels left

rFire   . . .        o - melded +7 trident of the Equator {spect, rF+}
rCold   . . .        (shield currently unavailable)
rNeg    + . .        (helmet currently unavailable)
rPois   .            E - macabre finger necklace {Finger+ rN+}
rElec   .            x - +6 ring of dexterity
rCorr   .            (no ring)
SInv    .            (no ring)
Will    .....        (no ring)
Stlth   ++           (no ring)
HPRegen 0.29/turn    (no ring)
MPRegen 0.11/turn    (no ring)
                     (no ring)
                     (no ring)

%: no passive effects
@: snake-form
A: constrict, reduced essence, almost no armour, amphibious, 8 rings, large,
(camouflage 1), (gelatinous body 1), (nimble swimmer 1), (tentacles)
a: Begin Untransformation, Renounce Religion, Recall Ancestor, Ancestor Identity


You were on level 6 of the Dungeon.
You worshipped Hepliaklqana.
Hepliaklqana was aware of your devotion.
You were an enormous anaconda.
You visited 2 branches of the dungeon, and saw 7 of its levels.
You also visited: Sewer.

You collected 296 gold pieces.

Inventory:

Hand Weapons
 o - the +7 trident of the Equator (melded) {spect, rF+}
   (You found it on level 2 of the Dungeon)

   rF:        It protects you from fire.
Missiles
 w - 2 javelins
Jewellery
 x - a +6 ring of dexterity (left tentacle)
 E - the macabre finger necklace (around neck) {Finger+ rN+}
   (You found it on level 5 of the Dungeon)

   [amulet of nothing]

   Finger+:   It enables you to equip an extra ring.
   rN:        It protects you from negative energy.
Talismans
 b - a beast talisman
 s - a serpent talisman
Wands
 y - a wand of mindburst (16) (quivered)
 B - a wand of flame (12)
 G - a wand of iceblast (1)
 J - a wand of polymorph (1)
Scrolls
 e - 3 scrolls of summoning {unknown}
 f - 5 scrolls of identify {unknown}
 h - 2 scrolls of immolation {unknown}
 j - a scroll of noise {unknown}
 q - 4 scrolls of teleportation {unknown}
 r - 2 scrolls of amnesia {unknown}
 u - a scroll of brand weapon {unknown}
 z - a scroll of fog {unknown}
 C - 2 scrolls of blinking {unknown}
 D - a scroll of revelation {unknown}
 F - a scroll of silence {unknown}
 H - a scroll of enchant weapon {unknown}
 I - a scroll of enchant armour {unknown}
Potions
 a - 4 potions of lignification
 c - 3 potions of enlightenment
 d - 5 potions of heal wounds
 g - a potion of brilliance {unknown}
 i - a potion of curing {unknown}
 k - a potion of haste {unknown}
 l - a potion of invisibility {unknown}
 m - a potion of might {unknown}
 n - a potion of attraction {unknown}
 p - 2 potions of degeneration {unknown}
 t - a potion of mutation {unknown}
 v - a potion of cancellation {unknown}
 A - 2 potions of berserk rage {unknown}


   Skills:
 + Level 6.1 Fighting
 - Level 4.1 Polearms
 - Level 2.0 Dodging
 + Level 7.3 Unarmed Combat
 * Level 7.6 Shapeshifting


You had 8 spell levels left.
You didn't know any spells.
Your spell library contained the following spells:

 Spells                   Type           Power      Damage    Failure   Level
 Slow                     Hex            0%         N/A       36%         1


Dungeon Overview and Level Annotations

Branches:
Dungeon (6/15)             Temple (1/1) D:4           Sewer (visited)

Altars:
Ashenzari
Cheibriados
Dithmenos
Elyvilon
Fedhas
Gozag
Hepliaklqana
Kikubaaqudgha
Makhleb
Nemelex Xobeh
Okawaru
Ru
Sif Muna
Trog
Uskayaw
Vehumet
Wu Jian
Xom
Yredelemnul
Zin
The Shining One

Shops:
D:2 *   D:6 [


Innate Abilities, Weirdness & Mutations

You are an enormous anaconda.
You have a powerful constriction melee attack.
Your armour is entirely melded.
You are incapable of wielding weapons or throwing items.
Your life essence is reduced to manifest your ancestor. (-10% HP)
You cannot wear most types of armour.
You are amphibious.
You can wear up to eight rings at the same time.
((Your skin changes colour to match your surroundings (Stealth+).))
((Your rubbery body absorbs attacks. (AC +1, EV +1)))
((You are camouflaged when in or above water. (Stealth+)))
((You have tentacles for arms and can constrict up to eight enemies at once.))


Message History

Okay, then.
Lash: -) Nothing wielded
Press: ? - help, Dir - move target, f - you
Okay, then.
Aiming: Mindburst
Press: ? - help, Q - select action, (/) - cycle Shift-Dir - straight line, f - manticore
Aim: a manticore (ally target, chance to affect: 47%) Octavius avoids your attack.
The manticore's mind is blasted!
The manticore flicks its tail.
The volley of spikes hits Octavius!!
Aiming: Mindburst
Press: ? - help, Q - select action, (/) - cycle Shift-Dir - straight line, f/p - manticore
Aim: a manticore (moderately wounded, ally target, chance to affect: 47%) Octavius avoids your attack.
The manticore's mind is blasted!
The manticore flicks its tail.
The volley of spikes hits Octavius.
Octavius hits the manticore.
Aiming: Mindburst
Press: ? - help, Q - select action, (/) - cycle Shift-Dir - straight line, f/p - manticore
Aim: a manticore (severely wounded, not watching you, ally target, chance to affect: 47%) Octavius avoids your attack.
The manticore resists with some effort.
You start resting.
Something bites Octavius!!
Octavius is destroyed!
You start resting.
You carefully extract the barbed spikes from your body.
You closely miss the manticore. You grab the manticore.
The manticore is severely wounded.
You constrict the manticore. The manticore bites you!
The manticore claws you but does no damage.
The manticore closely misses you.
You lash the manticore!
The manticore is almost dead.
You constrict the manticore. The manticore bites you!
* * * LOW HITPOINT WARNING * * *
The manticore claws you.
* * * LOW HITPOINT WARNING * * *
The manticore barely misses you.
You hit the manticore but do no damage.
The manticore is almost dead.
You constrict the manticore. The manticore bites you!
You die...

....########.....#
###........#.....#
#.########.....#
#.# ##...## #.#
###'### #### #.#
#.....##...## #.#
#.....#)....# #.#
+..8).H.....# #.#
#...)S#.....# #.#
#.....##...##
#.########.....#
####
#..............#
################


You could see a manticore.

Vanquished Creatures
  A two-headed ogre (D:5)
  Grinder (D:5)
  Sigmund (D:5)
  Menkaure (D:5)
  An ice beast (D:6)
  3 black bears
  A centaur (D:6)
  2 ogres
  A phantom (D:5)
  A kobold brigand (Sewer)
  2 scorpions
  A howler monkey (D:5)
  3 hounds
  An orc priest (D:6)
  2 sleepcaps
  Jessica (D:2)
  Ijyb (D:4)
  6 orc wizards
  Natasha (twice) (D:2)
  3 iguanas
  Terence (D:2)
  7 gnolls (D:5)
  7 adders
  4 river rats
  2 white imps
  2 worms
  2 dart slugs
  12 orcs
  8 bats
  8 endoplasms
  9 giant cockroaches
  9 goblins
  8 hobgoblins
  4 quokkas
  7 ball pythons
  6 frilled lizards
  9 kobolds
  9 rats
149 creatures vanquished.

Vanquished Creatures (collateral kills)
  An orc (D:6)
1 creature vanquished.

Vanquished Creatures (others)
  2 ancestors (D:6)
2 creatures vanquished.

Grand Total: 152 creatures vanquished

Notes
Turn   | Place    | Note
-------+----------+-------------------------------------------
     0 | D:1      | LeprechaunX the Octopode Shapeshifter began the quest for
                  | the Orb.
     0 | D:1      | Reached XP level 1. HP: 13/13 MP: 1/1
   106 | D:1      | Reached XP level 2. HP: 14/18 MP: 2/2
   504 | D:1      | Found a faded altar of an unknown god.
   517 | D:1      | Got Plato's Opusculum on the Wyrd
   576 | D:1      | Reached XP level 3. HP: 23/23 MP: 3/3
   976 | D:2      | Noticed Terence
   982 | D:2      | Killed Terence
   984 | D:2      | Reached XP level 4. HP: 22/29 MP: 4/4
  1261 | D:2      | Found Loapuno's Assorted Antiques.
  1262 | D:2      | Noticed Jessica
  1264 | D:2      | Killed Jessica
  1369 | D:2      | Noticed Natasha
  1375 | D:2      | Killed Natasha
  1376 | D:2      | Reached XP level 5. HP: 18/35 MP: 5/5
  1493 | D:2      | Identified the +7 trident of the Equator {spect, rF+}
  1796 | D:2      | Noticed Natasha
  1803 | D:2      | Killed Natasha
  2200 | D:3      | Reached skill level 1 in Polearms
  2234 | D:3      | You fall into a shaft and drop 1 floor!
  2245 | D:4      | Reached XP level 6. HP: 41/41 MP: 6/6
  2396 | D:4      | Found a staircase to the Ecumenical Temple.
  2408 | Temple   | Entered the Ecumenical Temple
  2449 | Temple   | Became a worshipper of Hepliaklqana the Forgotten
  2506 | D:4      | Noticed Ijyb
  2515 | D:4      | Killed Ijyb
  2516 | D:4      | Reached skill level 5 in Unarmed Combat
  2786 | D:4      | Noticed a black bear
  2795 | D:4      | Killed a black bear
  2796 | D:4      | Reached XP level 7. HP: 42/46 MP: 7/7
  2951 | D:5      | Entered Level 5 of the Dungeon
  2989 | D:5      | Reached skill level 5 in Shapeshifting
  3199 | D:5      | Found a glowing drain.
  3211 | D:5      | Reached XP level 8. HP: 35/54 MP: 8/8
  3217 | Sewer    | Entered a sewer
  3345 | Sewer    | Found a white marble altar of Elyvilon.
  3444 | D:5      | Noticed Menkaure
  3449 | D:5      | Killed Menkaure
  3603 | D:5      | Reached * piety under Hepliaklqana
  3656 | D:5      | Noticed Sigmund
  3658 | D:5      | Killed Sigmund
  3742 | D:5      | Found the macabre finger necklace {Finger+ rN+}
  3909 | D:5      | Noticed a two-headed ogre
  3914 | D:5      | Reached skill level 5 in Fighting
  3918 | D:5      | Killed a two-headed ogre
  3919 | D:5      | Reached XP level 9. HP: 54/54 MP: 9/9
  3919 | D:5      | Noticed Grinder
  3924 | D:5      | Killed Grinder
  4802 | D:6      | Found Cipuaq's Antique Armour Shoppe.
  4869 | D:6      | Noticed a manticore
  4879 | D:6      | Slain by a manticore

Illustrated notes

Levels and vault maps discovered:
D:1:      minmay_arrival_widening_spiral_wide, layout_basic,
          shapermc_ecumenical_altar_rom_forum, serial_bayou_pond_e,
          minmay_small_reverse_x
D:2:      layout_rooms, serial_shops, shop, serial_corexii_hall,
          corexii_hall_statues_u, corexii_hall_statues_l,
          corexii_hall_statues_l, chequers_hall_statues_y,
          corexii_hall_statues_x, corexii_hall_statues_i,
          roderic_serpentine_path, uniq_natasha, uniq_jessica, uniq_terence
D:3:      layout_basic
D:4:      layout_loops_ring, minmay_temple_entry_hall, uniq_ijyb
D:5:      layout_loops_corners, cheibrodos_sewer_entry_sluice, minivault_25,
          uniq_grinder, uniq_menkaure, uniq_sigmund
D:6:      layout_basic, serial_shops, nicolae_diamond_shop,
          chequers_serial_rivers_small_3, minmay_three_doors
Temple:   kilobyte_greek_temple

Skill      XL: |  1  2  3  4  5  6  7  8  9 |
---------------+----------------------------+-----
Unarmed Combat | 4 5 6 7 |  7.3
Fighting       | 2 3 4 5 6 |  6.1
Polearms       | 1 2 3 4 |  4.1
Shapeshifting  | 4 5 7 |  7.6
Dodging        | |  2.0

Action                     |  1- 3 |  4- 6 |  7- 9 || total
---------------------------+-------+-------+-------++-------
  Melee: Unarmed           |    45 |    32 |    34 ||   111
         Constrict         |    12 |    12 |    22 ||    46
         Tentacles         |     6 |     8 |     6 ||    20
         Punch             |     2 |     1 |       ||     3
         Trident           |       |    55 |    73 ||   128
  Evoke: Wand              |       |       |     3 ||     3
   Stab: Sleeping          |     6 |    16 |     6 ||    28
         Distracted        |       |       |     3 ||     3
 Armour: Skin              |       |     4 |    13 ||    17
  Dodge: Dodged            |    27 |    41 |    27 ||    95
   Form: Anaconda          |       |       |     1 ||     1

Table legend: (Time is in decaauts)
 A = Elapsed time spent in this place.
 B = Non-inter-level travel time spent in this place.
 C = Inter-level travel time spent in this place.
 D = Time resting spent in this place.
 E = Time spent auto-exploring this place.
 F = Levels seen in this place.
 G = Mean time per level.
                   A        B        C        D        E       F      G
               +--------+--------+--------+--------+--------+-----+--------+
         Total |   4890 |   4501 |    389 |     83 |   3537 |   8 |  611.2 |
       Dungeon |   4642 |   4333 |    309 |     83 |   3416 |   6 |  773.7 |
        Temple |     81 |      1 |     80 |      0 |      0 |   1 |   81.0 |
         Sewer |    166 |    166 |      0 |      0 |    121 |   1 |  166.0 |
               +--------+--------+--------+--------+--------+-----+--------+

Top non-repeatable levels by time:
     D:5: 1105 daAuts
     D:1: 1038 daAuts
     D:2: 827 daAuts
     D:6: 658 daAuts
     D:4: 641 daAuts
     D:3: 371 daAuts
   Sewer: 166 daAuts
  Temple: 81 daAuts
